 Dungeon Crawl Stone Soup version 0.22.1-2-g9c5b331 (webtiles) character file.

22 senseless the Conjurer (level 2, -4/20 HPs)
             Began as a Demigod Conjurer on Nov 14, 2018.
             Slain by a gnoll
             ... wielding a +1 halberd of freezing
              (6 damage)
             ... on level 1 of the Dungeon.
             The game lasted 00:03:39 (513 turns).

senseless the Conjurer (Demigod Conjurer)            Turns: 513, Time: 00:03:40

Health: -4/20      AC:  2    Str: 11    XL:     2   Next: 51%
Magic:  3/7        EV: 12    Int: 19    God:
Gold:   54         SH:  3    Dex: 16    Spells: 4/5 levels left

rFire    . . .     SeeInvis .   h - +0 dagger (drain)
rCold    . . .     Gourm    .   i - +0 buckler
rNeg     . . .     Faith    .   a - +0 robe
rPois    .         Spirit   .   (no helmet)
rElec    .         Reflect  .   (no cloak)
rCorr    .         Harm     .   (no gloves)
MR       .....                  (no boots)
Stlth    ++........             (no amulet)
HPRegen  0.06/turn              (no ring)
MPRegen  0.10/turn              (no ring)

@: very slightly contaminated
A: high mp 1
a: no special abilities


You were on level 1 of the Dungeon.
You were not hungry.

You visited 1 branch of the dungeon, and saw 1 of its levels.

You collected 54 gold pieces.

Inventory:

Hand Weapons
 b - a +0 short sword
 e - a +0 hunting sling
 h - a +0 dagger of draining (weapon)
Armour
 a - a +0 robe (worn)
 i - a +0 buckler (worn)
Scrolls
 d - 2 scrolls of identify {unknown}
 f - 3 scrolls of random uselessness {unknown}
 j - a scroll of remove curse {unknown}
Potions
 g - a potion of curing {unknown}
Comestibles
 c - a ration


   Skills:
 + Level 0.2 Short Blades
 + Level 1.9 Dodging
 + Level 1.8 Stealth
 + Level 2.0 Spellcasting
 + Level 4.1 Conjurations


You had 4 spell levels left.
You knew the following spells:

 Your Spells              Type           Power        Failure   Level  Hunger
a - Magic Dart            Conj           ###.         5%          1    #......

Your spell library contained the following spells:

 Spells                   Type           Power        Failure   Level  Hunger
 Searing Ray              Conj           ###...       8%          2    ###....
 Dazzling Spray           Conj/Hex       #.....       36%         3    ###....
 Iskenderun's Mystic Bla  Conj           ###.....     45%         4    #####..
 Force Lance              Conj/Tloc      #.......     77%         4    #####..
 Fulminant Prism          Conj/Hex       #.........   77%         4    #####..


Dungeon Overview and Level Annotations

Branches:
Dungeon (1/15)


Innate Abilities, Weirdness & Mutations

You have an increased reservoir of magic. (+10% MP)


Message History

The magic dart hits the gnoll.
The gnoll is lightly wounded.
Casting: Magic Dart (safe; 5% risk of failure)
Confirm with . or Enter, or press ? or * to list all spells.
Aiming: Magic Dart (safe; 5% risk of failure)
Press: ? - help, Shift-Dir - straight line, f/p - gnoll
Aim: a gnoll, wielding a halberd of freezing (lightly wounded)
The magic dart hits the gnoll.
The gnoll is moderately wounded.
The gnoll closely misses you.
The gnoll hits you with a halberd of freezing!
Ouch! That really hurt!
* * * LOW HITPOINT WARNING * * *
The gnoll freezes you.
* * * LOW HITPOINT WARNING * * *
Found a scroll labeled LOPIGA AKASULY.
You hit the gnoll.
The gnoll is heavily wounded.
The gnoll hits you with a halberd of freezing.
You die...

## #. ######### #.
#$......# #######.
#.......# #.....#.
#.......# #.....#.
#.......#########.....##
#.....g..?.........[..#
#......@########......#
#..?...........#......##
##############..........
###........ ###
##...#...... ...
.#######..##.......
....s.........##.......
.....###.##....#.......
.....###...............


You could see a gnoll.

Vanquished Creatures
  An ooze (D:1)
  A ball python (D:1)
  A giant cockroach (D:1)
  A goblin (D:1)
  2 hobgoblins (D:1)
  4 kobolds (D:1)
  2 bats (D:1)
  3 frilled lizards (D:1)
  3 rats (D:1)
18 creatures vanquished.

Notes
Turn   | Place    | Note
-------+----------+-------------------------------------------
     0 | D:1      | senseless the Demigod Conjurer began the quest for the Orb.
     0 | D:1      | Reached XP level 1. HP: 14/14 MP: 5/5
   124 | D:1      | Reached skill level 4 in Conjurations
   124 | D:1      | Reached XP level 2. HP: 18/20 MP: 2/7
   513 | D:1      | Slain by a gnoll

Skill      XL: |  1  2 |
---------------+-------+-----
Conjurations   | 4 |  4.1
Spellcasting   | 2 |  2.0
Short Blades   | |  0.2
Dodging        | |  1.9
Stealth        | |  1.8

Action                   || total
-------------------------++-------
Melee: Short sword       ||    12
       Dagger            ||     1
 Cast: Magic Dart        ||    28
 Stab: Distracted        ||     1
Dodge: Dodged            ||     9
